 Dungeon Crawl Stone Soup version 0.30-a0-743-gbfdf073431 (webtiles) character file.

Game seed: 16194718367551996926

4818 Darius099 the Severer (level 10, -12/81 HPs)
             Began as a Minotaur Fighter on Feb 7, 2023.
             Was a Follower of Okawaru.
             Mangled by billz999's ghost (29 damage)
             ... on level 8 of the Dungeon.
             The game lasted 00:20:43 (7294 turns).

Darius099 the Severer (Minotaur Fighter)            Turns: 7294, Time: 00:20:44

Health: -12/81     AC: 10    Str: 25    XL:     10   Next: 24%
Magic:  9/9        EV: 10    Int:  5    God:    Okawaru [*.....]
Gold:   432        SH:  9    Dex: 10    Spells: 9/9 levels left

rFire   . . .      SeeInvis .    b - +2 war axe (flame)
rCold   + . .      Faith    .    a - +0 kite shield
rNeg    . . .      Spirit   .    h - +2 ring mail {rC+}
rPois   +          Reflect  .    (helmet restricted)
rElec   .          Harm     .    (no cloak)
rCorr   .          Rampage  .    q - +0 pair of gloves
Will    .....                    p - +0 pair of boots Stlth
                                 (no amulet)
HPRegen 0.33/turn                D - ring of poison resistance
MPRegen 0.11/turn                (no ring)

@: no status effects
A: horns 2, retaliatory headbutt
a: Renounce Religion, Heroism


You were on level 8 of the Dungeon.
You worshipped Okawaru.
Okawaru was aware of your devotion.
You visited 2 branches of the dungeon, and saw 9 of its levels.

You collected 432 gold pieces.

Inventory:

Hand Weapons
 b - a +2 war axe of flaming (weapon)
Missiles
 w - 21 stones (quivered)
Armour
 a - a +0 kite shield (worn)
 h - a +2 ring mail of cold resistance (worn)
 p - a +0 pair of boots (worn)
 q - a +0 pair of gloves (worn)
Jewellery
 D - a ring of poison resistance (left hand)
Wands
 f - a wand of roots (13)
 s - a wand of flame (37)
 u - a wand of quicksilver (11)
Scrolls
 c - a scroll of amnesia
 e - a scroll of blinking
 g - 6 scrolls of identify
 l - 2 scrolls of enchant weapon
 n - a scroll of fog
 t - a scroll of magic mapping {unknown}
 x - a scroll of noise {unknown}
 y - a scroll of teleportation {unknown}
 E - a scroll of torment {unknown}
Potions
 d - 3 potions of might
 i - 5 potions of curing
 j - 2 potions of brilliance {unknown}
 k - a potion of cancellation
 m - a potion of flight
 o - a potion of invisibility
 r - a potion of ambrosia
 v - 3 potions of attraction
 z - a potion of degeneration {unknown}
 A - a potion of mutation {unknown}
 B - a potion of resistance {unknown}
 C - a potion of berserk rage {unknown}


   Skills:
 + Level 5.4 Fighting
 - Level 16.0 Axes
 + Level 5.4 Armour
 + Level 3.2 Dodging
 + Level 5.4 Shields


You had 9 spell levels left.
You didn't know any spells.
Your spell library contained the following spells:

 Spells                   Type           Power      Damage    Failure   Level
 Apportation              Tloc           0%         N/A       91%         1
 Alistair's Intoxication  Tmut/Pois      0%         N/A       100%        5
 Borgnjor's Vile Clutch   Necr/Erth      0%         N/A       100%        5
 Animate Dead             Necr           Unusable   N/A       N/A         4
 Death Channel            Necr           Unusable   N/A       N/A         6

Dungeon Overview and Level Annotations

Branches:
Dungeon (8/15)             Temple (1/1) D:6
   Lair: D:8-11

Altars:
Ashenzari
Cheibriados
Dithmenos
Elyvilon
Fedhas
Gozag
Hepliaklqana
Kikubaaqudgha
Makhleb
Nemelex Xobeh
Okawaru
Ru
Sif Muna
Trog
Uskayaw
Vehumet
Wu Jian
Xom
Yredelemnul
Zin
The Shining One

Shops:
D:3 [

Annotations:
D:8 1 transporter, billz999's ghost, novice GnRe


Innate Abilities, Weirdness & Mutations

You have a pair of horns on your head.
You reflexively headbutt those who attack you in melee.


Message History

Okawaru accepts your kill.
You start resting.
You start resting.
HP restored.
Partly explored, unvisited transporter.
The gnoll shouts!
You hear a shout! x2
The gnoll sergeant shouts!
The gnoll shouts!
You hear a shout!
The gnoll shouts!
The gnoll shouts!
You hear a shout!
There is a transporter here.
You enter the transporter and appear at another place.
The gnoll completely misses you.
The gnoll zaps a wand.
You easily resist.
Billz999's ghost turns its malevolent gaze towards you.
You slash the gnoll! You burn the gnoll. Your headbutt misses the gnoll.
The gnoll is severely wounded.
The gnoll throws a throwing net.
The throwing net misses you. You block the gnoll's attack.
The gnoll hits you with a +0 rapier.
You hit the gnoll. You burn the gnoll.
You kill the gnoll!
Okawaru accepts your kill. The gnoll closely misses you.
The gnoll hits you from afar with a +1 vampiric halberd.
You barely miss billz999's ghost.
The gnoll bouda shouts!
You block the gnoll's attack. The gnoll barely misses you.
Billz999's ghost hits you! Billz999's ghost freezes you.
The gnoll bouda barks out a call to the hunt!
The gnolls pick up the pace!
You barely miss billz999's ghost. The gnoll hits you but does no damage.
You block the gnoll's attack. The gnoll closely misses you.
Billz999's ghost hits you!! Billz999's ghost freezes you.
You hit billz999's ghost. You burn billz999's ghost.
Billz999's ghost is lightly damaged.
You block the gnoll's attack.
The gnoll hits you from afar with a +0 halberd of venom.
The gnoll hits you from afar with a +1 vampiric halberd!
* * * LOW HITPOINT WARNING * * *
Billz999's ghost hits you!!
You die...

#..≈≈≈≈≈≈≈≈≈≈≈...≈≈≈≈≈≈≈≈≈≈≈.#
#..≈≈≈≈≈≈≈≈≈≈≈...≈≈≈≈≈≈≈≈≈≈≈.#
#..≈≈#####...........#####≈≈.##
#..≈≈#g#.#.###.©.###.#.#.#≈≈..#
#..≈≈#...###g#####g###...#≈≈..#
#..≈≈###......ggg......###≈≈..#
#..≈≈.8#.######g######.#8.≈≈..#
#..≈≈.##.#. #8)(#.⌠.#.##.≈≈..##
#..~~.#W. #⌠@.g...'.g#.~~...#
#..≈≈.##W #8W.#.⌠.#.##.≈≈.#..
#..≈≈.8#.######g######.#8.≈≈.###
#..≈≈###......gg....g..###≈≈.# #
#..≈≈#..g###g#####©###...#≈≈.###
#).≈≈#g#g#.###.©.###.#.#.#≈≈.##.
#..≈≈#####...........#####≈≈....
#..≈≈≈≈≈≈≈≈≈≈≈≈~≈≈≈≈≈≈≈≈≈≈≈≈.###
#..≈≈≈≈≈≈≈≈≈≈≈≈~≈≈≈≈≈≈≈≈≈≈≈≈.#


You could see a gnoll sergeant, a gnoll bouda, billz999's ghost and 6 gnolls.

Vanquished Creatures
  A troll (D:8)
  Grinder (D:5)
  Sigmund (D:4)
  5 yaks (D:8)
  A wyvern (D:4)
  A steam dragon (D:8)
  Menkaure (D:5)
  A water moccasin (D:7)
  Duvessa (D:4)
  3 ice beasts
  An ogre (D:5)
  A black bear (D:5)
  A sky beast (D:7)
  2 phantoms
  Blork the orc (D:5)
  A kobold brigand (D:6)
  4 bullfrogs
  A gnoll sergeant (D:5)
  3 scorpions
  13 wights
  Dowan (D:4)
  4 killer bees (D:8)
  A gnoll bouda (D:5)
  An orc priest (D:8)
  2 hounds
  Ijyb (D:5)
  6 iguanas
  Natasha (thrice) (D:3)
  2 orc wizards (D:8)
  Terence (D:3)
  12 gnolls
  10 adders
  2 shadow imps (D:6)
  2 white imps
  An ufetubus (D:5)
  3 worms
  3 dart slugs
  21 orcs
  7 ball pythons
  5 bats
  5 endoplasms
  2 giant cockroaches
  4 goblins
  2 hobgoblins
  2 jackals (D:1)
  13 kobolds
  A frilled lizard (D:1)
  6 rats
  A butterfly (D:6)
168 creatures vanquished.

Vanquished Creatures (others)
  A human (D:6)
  6 plants (D:8)
7 creatures vanquished.

Grand Total: 175 creatures vanquished

Notes
Turn   | Place    | Note
-------+----------+-------------------------------------------
     0 | D:1      | Darius099 the Minotaur Fighter began the quest for the Orb.
     0 | D:1      | Reached XP level 1. HP: 19/19 MP: 0/0
   419 | D:1      | Reached skill level 3 in Axes
   419 | D:1      | Reached XP level 2. HP: 23/27 MP: 1/1
   917 | D:1      | Reached skill level 4 in Axes
   917 | D:1      | Reached XP level 3. HP: 33/33 MP: 2/2
  1289 | D:2      | You fall into a shaft and drop 2 floors!
  1311 | D:4      | Noticed Duvessa
  1311 | D:4      | Noticed Dowan
  1333 | D:4      | Killed Duvessa
  1334 | D:4      | Reached skill level 6 in Axes
  1334 | D:4      | Reached XP level 4. HP: 18/40 MP: 3/3
  1339 | D:4      | Killed Dowan
  1340 | D:4      | Reached XP level 5. HP: 15/46 MP: 4/4
  1512 | D:4      | Found a shadowy altar of Dithmenos.
  1557 | D:4      | Found a snail-covered altar of Cheibriados.
  1627 | D:4      | Noticed a wyvern
  1634 | D:4      | Killed a wyvern
  1635 | D:4      | Reached skill level 7 in Axes
  1635 | D:4      | Reached XP level 6. HP: 38/52 MP: 5/5
  1709 | D:4      | Reached skill level 8 in Axes
  1960 | D:3      | Noticed Terence
  1961 | D:3      | Noticed Natasha
  1977 | D:3      | Killed Natasha
  1988 | D:3      | Killed Terence
  2217 | D:3      | Noticed Natasha
  2227 | D:3      | Killed Natasha
  2575 | D:3      | Noticed Natasha
  2595 | D:3      | Killed Natasha
  2596 | D:3      | Reached skill level 9 in Axes
  2596 | D:3      | Reached XP level 7. HP: 45/58 MP: 6/6
  2644 | D:3      | Found Byomahoo's Antique Armour Shoppe.
  2918 | D:4      | Noticed Sigmund
  2929 | D:4      | Killed Sigmund
  3002 | D:4      | Found a large runed translucent door.
  3002 | D:4      | Found a large runed translucent door.
  3061 | D:4      | Found a radiant altar of Vehumet.
  3065 | D:4      | Reached skill level 10 in Axes
  3068 | D:4      | Found a hazy altar of Hepliaklqana.
  3124 | D:5      | Entered Level 5 of the Dungeon
  3184 | D:5      | Noticed Ijyb
  3199 | D:5      | Killed Ijyb
  3343 | D:5      | Found an ornate altar of the Wu Jian Council.
  3366 | D:5      | Noticed Blork the orc
  3374 | D:5      | Killed Blork the orc
  3402 | D:5      | Reached skill level 11 in Axes
  3516 | D:5      | Reached XP level 8. HP: 66/66 MP: 7/7
  3519 | D:5      | Noticed Grinder
  3539 | D:5      | Paralysed by Grinder for 3 turns
  3545 | D:5      | Killed Grinder
  3616 | D:5      | Reached skill level 12 in Axes
  3771 | D:5      | Noticed Menkaure
  3780 | D:5      | Killed Menkaure
  4271 | D:5      | Reached skill level 13 in Axes
  4740 | D:6      | Found a staircase to the Ecumenical Temple.
  4749 | D:6      | Reached XP level 9. HP: 44/71 MP: 8/8
  4752 | D:6      | Reached skill level 14 in Axes
  4846 | Temple   | Entered the Ecumenical Temple
  5082 | D:6      | Found an ancient bone altar of Kikubaaqudgha.
  5247 | D:6      | Identified the +12 short sword of Roga {flame, Fly rN+
                  | MP+9}
  5391 | D:7      | Reached skill level 15 in Axes
  5666 | D:7      | Found a basalt altar of Yredelemnul.
  6121 | D:7      | Found a sacrificial altar of Ru.
  6127 | D:7      | Found a glowing golden altar of the Shining One.
  6128 | D:7      | Found a blossoming altar of Fedhas.
  6130 | D:7      | Found a broken altar of Ashenzari.
  6130 | D:7      | Found an iron altar of Okawaru.
  6131 | D:7      | Found a burning altar of Makhleb.
  6139 | D:7      | Became a worshipper of Warmaster Okawaru
  6184 | D:8      | Reached skill level 16 in Axes
  6311 | D:8      | Reached skill level 1 in Dodging
  6591 | D:8      | Reached XP level 10. HP: 80/80 MP: 9/9
  6602 | D:8      | Reached * piety under Okawaru
  6608 | D:8      | Reached skill level 5 in Fighting
  6608 | D:8      | Reached skill level 5 in Armour
  6608 | D:8      | Reached skill level 5 in Shields
  6805 | D:8      | Found a glowing silver altar of Zin.
  6815 | D:8      | Found a transporter.
  6859 | D:8      | Noticed billz999's ghost (novice GnRe)
  6877 | D:8      | Identified the ring of the Original Sin {rCorr Dex+6}
  6881 | D:8      | Found a transporter.
  7294 | D:8      | Mangled by billz999's ghost

Illustrated notes

Levels and vault maps discovered:
D:1:      elethiomel_arrival_maze, layout_loops_corners,
          serial_co_window_serial, co_window_paths_a, co_window_paths_a,
          co_window_paths_b, co_window_cross_1, co_window_paths_a,
          co_window_corner_cb, co_window_corner_cb, co_window_corner_ca,
          co_window_of_opportunity_b, co_window_unsneaky_path_c,
          co_window_broadway_a, glass_columns_c, minmay_tetromino_i4
D:2:      layout_loops_corners, serial_shops, shop
D:3:      layout_basic, serial_shops, nicolae_shop_waterfront, uniq_terence,
          uniq_natasha
D:4:      layout_cave_pools, nicolae_dithmenos_through_a_glass_darkly,
          slow_altar_1, jmf_multi_god_temple2, hex_medium, minivault_26,
          uniq_sigmund, uniq_duvessa
D:5:      layout_rooms, nicolae_wu_jian_wuxing_cycle, uniq_grinder, uniq_ijyb,
          uniq_menkaure, uniq_blork_the_orc
D:6:      layout_basic, tgw_kikubaaqudgha, minmay_temple_entry_butterflies,
          kennysheep_generic_room_5
D:7:      layout_cave_pools, nicolae_overflow_hallway_of_the_gods,
          grunt_ministairs_2
D:8:      layout_basic, mainiacjoe_overflow_boulevard,
          gammafunk_ghost_gnarly_gnolls
Temple:   nicolae_temple_superstar

Skill      XL: |  1  2  3  4  5  6  7  8  9 10 |
---------------+-------------------------------+-----
Axes           | 3 4 6 7 9 11 13 16 | 16.0
Fighting       | 4 5 |  5.4
Armour         | 4 5 |  5.4
Shields        | 4 5 |  5.4
Dodging        | 2 3 |  3.2

Action                     |  1- 3 |  4- 6 |  7- 9 | 10-12 || total
---------------------------+-------+-------+-------+-------++-------
  Melee: War axe           |    61 |    82 |   184 |    39 ||   366
         Headbutt          |     7 |    10 |    44 |    11 ||    72
         Hand axe          |       |       |    77 |       ||    77
  Throw: Stone             |       |       |    18 |       ||    18
    Use: Potion            |     2 |     1 |       |       ||     3
         Scroll            |       |       |    12 |       ||    12
 Armour: Scale mail        |    29 |     7 |       |       ||    36
         Chain mail        |       |    51 |    35 |       ||    86
         Ring mail         |       |       |    33 |     7 ||    40
  Dodge: Dodged            |    32 |    36 |    79 |    15 ||   162
  Block: Buckler           |    18 |    21 |    25 |       ||    64
         Kite shield       |       |       |    31 |    12 ||    43

Table legend: (Time is in decaauts)
 A = Elapsed time spent in this place.
 B = Non-inter-level travel time spent in this place.
 C = Inter-level travel time spent in this place.
 D = Time resting spent in this place.
 E = Time spent auto-exploring this place.
 F = Levels seen in this place.
 G = Mean time per level.
                   A        B        C        D        E       F      G
               +--------+--------+--------+--------+--------+-----+--------+
         Total |   7320 |   7175 |    145 |   1962 |   3561 |   9 |  813.3 |
       Dungeon |   7158 |   7013 |    145 |   1962 |   3455 |   8 |  894.8 |
        Temple |    161 |    161 |      0 |      0 |    106 |   1 |  161.0 |
               +--------+--------+--------+--------+--------+-----+--------+

Top non-repeatable levels by time:
     D:5: 1298 daAuts
     D:3: 1181 daAuts
     D:1: 1162 daAuts
     D:8: 1008 daAuts
     D:7: 859 daAuts
     D:6: 807 daAuts
     D:4: 696 daAuts
  Temple: 161 daAuts
     D:2: 144 daAuts
